 Dungeon Crawl Stone Soup version 0.23.2-33-g5129a83184 (webtiles) character file.

Game seed: 5253523206206224942

214 psyvane the Cudgeler (level 5, 0/35 HPs)
             Began as a Demonspawn Wanderer on July 16, 2019.
             Slain by a hobgoblin (3 damage)
             ... led by Robin
             ... on level 3 of the Dungeon on July 17, 2019.
             The game lasted 00:08:35 (2723 turns).

psyvane the Cudgeler (Demonspawn Wanderer)          Turns: 2723, Time: 00:08:36

Health: 0/35       AC:  9    Str: 13    XL:     5   Next: 59%
Magic:  6/6        EV: 10    Int: 14    God:
Gold:   79         SH:  0    Dex: 12    Spells: 6/6 levels left

rFire    . . .     SeeInvis .   a - +0 mace
rCold    . . .     Gourm    .   (no shield)
rNeg     . . .     Faith    .   b - +3 scale mail
rPois    .         Spirit   .   (no helmet)
rElec    .         Reflect  .   (no cloak)
rCorr    .         Harm     .   (no gloves)
MR       .....                  (no boots)
Stlth    ..........             (no amulet)
HPRegen  0.11/turn              (no ring)
MPRegen  0.10/turn              (no ring)

@: no status effects
A: repulsion field 1, demonic guardian 1
a: no special abilities


You were on level 3 of the Dungeon.
You were not hungry.

You visited 1 branch of the dungeon, and saw 3 of its levels.

You collected 79 gold pieces.

Inventory:

Hand Weapons
 a - a +0 mace (weapon)
Armour
 b - a +3 scale mail (worn)
Jewellery
 h - an uncursed amulet of faith {unknown}
Wands
 i - a wand of flame (17)
Scrolls
 c - a scroll of teleportation
 f - a scroll of magic mapping {unknown}
Potions
 e - a potion of curing {unknown}
 g - a potion of cancellation
 l - a potion of flight
Comestibles
 d - 3 rations


   Skills:
 * Level 5.4 Maces & Flails
 - Level 1.0 Armour
 - Level 1.0 Stealth
   Level 1.0 Shields
 - Level 1.0 Spellcasting
   Level 3.6 Earth Magic


You had 6 spell levels left.
You didn't know any spells.
Your spell library was empty.

Dungeon Overview and Level Annotations

Branches:
Dungeon (3/15)

Altars:
Wu Jian


Innate Abilities, Weirdness & Mutations

You are surrounded by a mild repulsion field. (EV +2)
A weak demonic guardian rushes to your aid.


Message History

* * * LOW HITPOINT WARNING * * *
The goblin closely misses you. x2
You hit the goblin.
You kill the goblin!
The goblin hits you.
* * * LOW HITPOINT WARNING * * *
The goblin hits you but does no damage.
The goblin no longer looks unusually strong.
The goblin barely misses you. The goblin hits you.
* * * LOW HITPOINT WARNING * * *
You see here a goblin corpse.
Your surroundings suddenly seem different.
A goblin comes into view.
The goblin shouts!
A goblin comes into view. It is wielding a +0 dagger.
The goblin shouts!
A rat comes into view.
A hobgoblin comes into view. It is wielding a +0 club.
The hobgoblin hits you.
You die...

#..........
#..........+
#.........!#
#..........#
#..........# #
#......g...#.#
#.#g.g....g.(#
#.#@...g..g..#
#.#....r.....#
#.##<##g.....$
#†##g# ##....#
#gg).# ##.#
###### .


You could see 4 hobgoblins, 4 goblins and a rat.

Vanquished Creatures
  Terence (D:2)
  Natasha (twice) (D:2)
  Robin (D:3)
  6 adders
  A worm (D:2)
  2 dart slugs
  3 leopard geckos (D:2)
  4 giant cockroaches (D:1)
  5 goblins
  5 hobgoblins
  3 bats (D:2)
  3 frilled lizards (D:2)
  8 kobolds
  8 rats
52 creatures vanquished.

Vanquished Creatures (collateral kills)
  Natasha (D:2)
  An adder (D:2)
  A worm (D:2)
  A bat (D:2)
  A hobgoblin (D:2)
5 creatures vanquished.

Grand Total: 57 creatures vanquished

Notes
Turn   | Place    | Note
-------+----------+-------------------------------------------
     0 | D:1      | psyvane the Demonspawn Wanderer began the quest for the
                  | Orb.
     0 | D:1      | psyvane set off with the following items: a +0 mace, a +2
                  | scale mail, a scroll of teleportation, a ration
     0 | D:1      | Reached XP level 1. HP: 13/13 MP: 2/2
    53 | D:1      | Reached skill level 2 in Maces & Flails
   154 | D:1      | Gained mutation: A weak demonic guardian rushes to your
                  | aid. [demonic ancestry]
   154 | D:1      | Reached XP level 2. HP: 19/19 MP: 3/3
   652 | D:2      | Reached skill level 3 in Maces & Flails
   672 | D:2      | Found an ornate altar of the Wu Jian Council.
   700 | D:2      | Gained mutation: You are surrounded by a mild repulsion
                  | field. (EV +2) [demonic ancestry]
   700 | D:2      | Reached XP level 3. HP: 12/24 MP: 4/4
  1167 | D:2      | Noticed Terence
  1213 | D:2      | Killed Terence
  1213 | D:2      | Reached skill level 4 in Maces & Flails
  1213 | D:2      | Reached XP level 4. HP: 6/30 MP: 5/5
  1900 | D:2      | Noticed Natasha
  1904 | D:2      | Killed Natasha
  2022 | D:2      | Noticed Natasha
  2029 | D:2      | Killed Natasha
  2188 | D:2      | Noticed Natasha
  2208 | D:2      | Reached XP level 5. HP: 30/35 MP: 6/6
  2276 | D:2      | Killed Natasha
  2276 | D:2      | Reached skill level 5 in Maces & Flails
  2688 | D:3      | Noticed Robin
  2719 | D:3      | Killed Robin
  2723 | D:3      | Slain by a hobgoblin

Skill      XL: |  1  2  3  4  5 |
---------------+----------------+-----
Maces & Flails | 2 3 4 5 |  5.4
Armour         | |  1.0
Stealth        | |  1.0
Shields        | |  1.0
Spellcasting   | |  1.0
Earth Magic    | |  3.6

Action                   |  1- 3 |  4- 6 || total
-------------------------+-------+-------++-------
Melee: Mace              |   133 |    96 ||   229
  Use: Potion            |     2 |       ||     2
       Scroll            |       |     6 ||     6
  Eat: Chunk             |     1 |     2 ||     3
       Ration            |       |     1 ||     1
Armor: Scale mail        |    81 |    46 ||   127
Dodge: Dodged            |    68 |    44 ||   112
